 Dungeon Crawl Stone Soup version 0.31-a0-1300-gb6740aa4e6 (webtiles) character file.

Game seed: 9050508676124046938

3774 pokeman the Thaumaturge (level 9, -1/52 HPs)
             Began as a Deep Elf Hedge Wizard on Dec 18, 2023.
             Was a Priest of Vehumet.
             Shot with a bolt by an orc warrior (22 damage)
             ... in a bailey.
             The game lasted 00:21:07 (8609 turns).

pokeman the Thaumaturge (Deep Elf Hedge Wizard)     Turns: 8609, Time: 00:21:08

Health: -1/52      AC:  5    Str:  7    XL:     9   Next: 95%
Magic:  22/27      EV: 18    Int: 27    God:    Vehumet [***...]
Gold:   267        SH:  0    Dex: 14    Spells: 20/32 levels left

rFire   . . .        q - +1 short sword (drain)
rCold   . . .        (no shield)
rNeg    . . .        k - +1 robe of the Poles {Stlth+}
rPois   +            c - +0 hat
rElec   .            u - +1 cloak
rCorr   .            (no gloves)
SInv    .            (no boots)
Will    +....        (no amulet)
Stlth   +++          l - +5 ring of evasion
HPRegen 0.28/turn    y - ring of Daffodils {rPois Will+ Int+3}
MPRegen 0.20/turn

%: no passive effects
@: no status effects
A: no striking features
a: Renounce Religion


You were in a bailey.
You worshipped Vehumet.
Vehumet was most pleased with you.
You visited 1 branch of the dungeon, and saw 8 of its levels.
You also visited: Bailey.

You collected 267 gold pieces.

Inventory:

Hand Weapons
 q - a +1 short sword of draining (weapon)
Missiles
 b - 3 throwing nets
 t - 3 curare-tipped darts
Armour
 c - a +0 hat (worn)
 k - the +1 robe of the Poles (worn) {Stlth+}
   (You found it on level 3 of the Dungeon)

   Stlth+:    It makes you more stealthy.
 u - a +1 cloak (worn)
Magical Staves
 n - a staff of earth
Jewellery
 l - a +5 ring of evasion (left hand)
 w - a ring of willpower
 y - the ring of Daffodils (right hand) {rPois Will+ Int+3}
   (You found it on level 7 of the Dungeon)

   [ring of poison resistance]

   Int+3:     It affects your intelligence (+3).
   rPois:     It protects you from poison Will+: It increases your willpower.
Wands
 z - a wand of flame (4)
Scrolls
 a - a scroll of fog {unknown}
 h - 4 scrolls of identify
 i - a scroll of teleportation
 m - 2 scrolls of poison
 o - a scroll of acquirement {unknown}
 p - 2 scrolls of blinking {unknown}
 r - a scroll of fear {unknown}
 x - a scroll of enchant armour {unknown}
Potions
 d - a potion of magic
 e - a potion of mutation {unknown}
 f - a potion of heal wounds {unknown}
 g - 5 potions of curing
 j - a potion of enlightenment {unknown}
 s - 2 potions of degeneration {unknown}
 v - 2 potions of lignification {unknown}


   Skills:
 + Level 3.7 Fighting
 - Level 3.0 Armour
 - Level 3.0 Dodging
 - Level 3.0 Stealth
 * Level 12.4 Spellcasting
 + Level 7.0 Conjurations
 - Level 1.1 Summonings
 - Level 1.1 Translocations
 - Level 1.2 Air Magic
 + Level 6.2 Earth Magic
 - Level 1.0 Poison Magic
 - Level 1.0 Evocations


You had 20 spell levels left.
You knew the following spells:

 Your Spells              Type           Power      Damage    Failure   Level
a - Magic Dart            Conj           100%       1d8       1%          1
b - Mephitic Cloud        Conj/Pois/Air  33%        N/A       1%          3
c - Call Imp              Summ           44%        N/A       3%          2
d - Blink                 Tloc           44%        N/A       3%          2
e - Airstrike             Air            11%        2d(2-18)  5%          4

Your spell library contained the following spells:

 Spells                   Type           Power      Damage    Failure   Level
 Momentum Strike          Conj/Tloc      76%        3d10      1%          2
 Passwall                 Tmut/Erth      27%        N/A       1%          2
 Hailstorm                Conj/Ice       35%        3d8       1%          3
 Slow                     Hex            64%        N/A       3%          1
 Cigotuvi's Dreadful Rot  Necr/Pois/Air  40%        N/A       3%          2
 Ensorcelled Hibernation  Hex/Ice        32%        N/A       4%          2
 Swiftness                Air            23%        N/A       6%          3
 Summon Ice Beast         Ice/Summ       19%        N/A       26%         4
 Dispel Undead            Necr           16%        3d10      32%         4
 Death Channel            Necr           8%         N/A       99%         6
 Simulacrum               Ice/Necr       8%         N/A       99%         6


Dungeon Overview and Level Annotations

Branches:
Dungeon (8/15)             Temple (0/1) D:7          Bailey (1/1)
   Lair: D:8-11

Altars:
Ashenzari
Dithmenos
Elyvilon
Gozag
Makhleb
Nemelex Xobeh
Qazlal
Ru
Sif Muna
Trog
Vehumet
The Shining One

Shops:
D:7 [

Annotations:
D:3 3 runed translucent doors, RockinRobin's ghost, weakling AtFi
D:7 1 runed translucent door, avis's ghost, novice FeSh


Message History

Unknown command.
Casting: Magic Dart (safe; 1% risk of failure)
Confirm with . or Enter, or press ? or * to list all spells.
Aiming: Magic Dart (safe; 1% risk of failure)
Press: ? - help, Shift-Dir - straight line, f/p - orc
Aim: an orc, wielding a +0 arbalest and wearing a +0 ring mail (confused, ally target, 100% to hit)
The magic dart hits the orc.
The orc is heavily wounded.
Unknown command.
Your cerulean imp hits the orc from afar with a -2 spear.
Casting: Magic Dart (safe; 1% risk of failure)
Confirm with . or Enter, or press ? or * to list all spells.
Aiming: Magic Dart (safe; 1% risk of failure)
Press: ? - help, Shift-Dir - straight line, f/p - orc
Aim: an orc, wielding a +0 arbalest and wearing a +0 ring mail (severely wounded, confused, ally target, 100% to hit)
The magic dart hits the orc but does no damage.
The orc is severely wounded.
Your cerulean imp completely misses the orc.
Casting: Magic Dart (safe; 1% risk of failure)
Confirm with . or Enter, or press ? or * to list all spells.
Aiming: Magic Dart (safe; 1% risk of failure)
Press: ? - help, Shift-Dir - straight line, f/p - orc
Aim: an orc, wielding a +0 arbalest and wearing a +0 ring mail (severely wounded, confused, ally target, 100% to hit)
The magic dart hits the orc.
You kill the orc!
Vehumet accepts your kill.
You feel your power returning.
You start resting.
A bolt appears from out of your range of vision.
The bolt hits your cerulean imp!
You start resting.
You hear a crossbow thunk.
A bolt appears from out of your range of vision.
The bolt closely misses your cerulean imp.
Why would you want to do that?
You start resting.
An orc warrior comes into view. It is wielding a +0 arbalest.
Your cerulean imp disappears in a puff of smoke!
The orc warrior shoots a bolt.
The bolt hits you!!
You die...

######################
#∩....................
#.....................
#.....................
#........o............
#......≈≈≈≈≈..........
#.....≈≈###≈≈)........
#.....≈##.##≈.........
#....@≈#..............
#.....≈##.∩#≈.........
#.....≈≈#.##≈..)...###
#......≈≈.≈≈≈...#### #
#..............##
#.............##
#.............
#............#
#............


You could see an orc warrior.

Vanquished Creatures
  An ugly thing (D:7)
  A troll (D:7)
  A wyvern (D:7)
  A steam dragon (D:7)
  A water moccasin (D:7)
  7 orc warriors
  2 black bears
  An ogre (D:6)
  2 phantoms
  2 kobold brigands
  4 bullfrogs
  A scorpion (D:6)
  5 howler monkeys
  A jelly (D:5)
  6 hounds
  A gnoll bouda (D:4)
  4 orc priests
  4 iguanas
  8 orc wizards
  10 gnolls
  9 adders
  A white imp (D:6)
  4 ufetubi
  4 worms
  3 dart slugs
  38 orcs
  8 ball pythons
  9 endoplasms
  3 giant cockroaches
  11 goblins
  7 hobgoblins
  4 jackals (D:2)
  24 kobolds
  2 quokkas
  3 bats
  A frilled lizard (D:3)
  7 rats
201 creatures vanquished.

Vanquished Creatures (collateral kills)
  A gnoll bouda (D:7)
1 creature vanquished.

Vanquished Creatures (others)
  An orc wizard (D:6)
1 creature vanquished.

Grand Total: 203 creatures vanquished

Notes
Turn   | Place    | Note
-------+----------+-------------------------------------------
     0 | D:1      | pokeman the Deep Elf Hedge Wizard began the quest for the
                  | Orb.
     0 | D:1      | Reached XP level 1. HP: 10/10 MP: 7/7
   307 | D:1      | Reached XP level 2. HP: 8/16 MP: 4/9
   923 | D:1      | Reached skill level 5 in Spellcasting
  1202 | D:2      | Reached XP level 3. HP: 20/20 MP: 6/11
  1217 | D:2      | Learned a level 3 spell: Mephitic Cloud
  1220 | D:2      | Learned a level 2 spell: Call Imp
  1223 | D:2      | Learned a level 2 spell: Blink
  1402 | D:2      | Reached skill level 1 in Fighting
  1426 | D:2      | Reached skill level 1 in Armour
  1832 | D:2      | Reached XP level 4. HP: 19/25 MP: 7/13
  2036 | D:2      | Found a bloodstained altar of Trog.
  2072 | D:2      | Found a faded altar of an unknown god.
  2482 | D:3      | Noticed RockinRobin's ghost (weakling AtFi)
  2595 | D:3      | Identified the +1 robe of the Poles {Stlth+}
  2640 | D:3      | Reached skill level 6 in Spellcasting
  2641 | D:3      | Reached XP level 5. HP: 18/29 MP: 3/15
  2916 | D:3      | Found a shadowy altar of Dithmenos.
  2995 | D:3      | Found a radiant altar of Vehumet.
  2995 | D:3      | Found a stormy altar of Qazlal.
  2996 | D:3      | Found an opulent altar of Gozag.
  2996 | D:3      | Found a sacrificial altar of Ru.
  3007 | D:3      | Became a worshipper of Vehumet
  3055 | D:3      | Found a runed translucent gate.
  3055 | D:3      | Found a runed translucent gate.
  3056 | D:3      | Found a runed translucent gate.
  3200 | D:3      | Reached skill level 1 in Poison Magic
  3484 | D:4      | Noticed an orc warrior
  3511 | D:4      | Found a bloodstained altar of Trog.
  3513 | D:4      | Killed an orc warrior
  3514 | D:4      | Reached skill level 1 in Air Magic
  3514 | D:4      | Reached XP level 6. HP: 18/34 MP: 4/17
  3616 | D:4      | Found a shimmering blue altar of Sif Muna.
  3625 | D:4      | Reached skill level 1 in Earth Magic
  3625 | D:4      | Reached skill level 1 in Evocations
  3629 | D:4      | Got Sif Muna's Handbook of Transposition
  3710 | D:4      | Reached skill level 7 in Spellcasting
  4084 | D:4      | Reached XP level 7. HP: 22/38 MP: 16/19
  4687 | D:5      | Entered Level 5 of the Dungeon
  4687 | D:5      | Found a broken altar of Ashenzari.
  5002 | D:5      | Reached * piety under Vehumet
  5002 | D:5      | Offered knowledge of Shock by Vehumet.
  5003 | D:5      | Reached skill level 8 in Spellcasting
  5416 | D:5      | Found a glowing golden altar of the Shining One.
  5824 | D:6      | Reached XP level 8. HP: 25/44 MP: 15/22
  5826 | D:6      | Reached skill level 9 in Spellcasting
  5891 | D:6      | Offered knowledge of Scorch by Vehumet.
  5892 | D:6      | Reached ** piety under Vehumet
  6036 | D:6      | Reached skill level 5 in Conjurations
  6074 | D:6      | Reached skill level 10 in Spellcasting
  6335 | D:6      | Found a burning altar of Makhleb.
  6596 | D:7      | Noticed a troll
  6616 | D:7      | Killed a troll
  6764 | D:7      | Reached XP level 9. HP: 33/48 MP: 21/25
  6850 | D:7      | Reached skill level 5 in Earth Magic
  6850 | D:7      | Offered knowledge of Static Discharge by Vehumet.
  6873 | D:7      | Reached skill level 11 in Spellcasting
  6875 | D:7      | Reached *** piety under Vehumet
  7007 | D:7      | Found a staircase to the Ecumenical Temple.
  7213 | D:7      | Found Diwul's Antique Armour Boutique.
  7378 | D:7      | Offered knowledge of Airstrike by Vehumet.
  7400 | D:7      | Learned a level 4 spell: Airstrike
  7512 | D:7      | Found a broken altar of Ashenzari.
  7512 | D:7      | Noticed a cyan ugly thing
  7531 | D:7      | Killed a cyan ugly thing
  7532 | D:7      | Reached skill level 12 in Spellcasting
  7885 | D:7      | Identified the ring of Daffodils {rPois Will+ Int+3}
  7931 | D:7      | Found a runed translucent door.
  7932 | D:7      | Noticed avis's ghost (novice FeSh)
  8032 | D:7      | Found a sparkling altar of Nemelex Xobeh.
  8104 | D:7      | Found a white marble altar of Elyvilon.
  8361 | D:8      | Found a flagged portal.
  8366 | Bailey   | Entered a bailey
  8609 | Bailey   | Shot with a bolt by an orc warrior

Illustrated notes

Levels and vault maps discovered:
D:1:      dpeg_arrival_rooms_b, layout_basic, nicolae_twisty_statue_hallways
D:2:      layout_basic, shapermc_ecumenical_altar_petra, basic_altar,
          minmay_misc_feat_ornament, minivault_24
D:3:      layout_rooms, chequers_temple_overflow_statue_of_worship,
          grunt_dithmenos_smoke, gammafunk_ghost_icy, nrook_uturn,
          minmay_misc_feat_iff, saegor_snake_ambush
D:4:      layout_loops_ring, nzn_overflow_gifts_of_might_and_magic
D:5:      layout_rooms, cheibrodos_ashenzari_chains, tso_altar
D:6:      layout_rooms, mainiacjoe_overflow_alcove_4, kennysheep_windowed_goal
D:7:      layout_basic, kennysheep_little_box, minmay_temple_entry_ruins,
          serial_shops, shop, ebering_ghost_reflecting_pool,
          nicolae_benzene_ring, nicolae_sextant, hangedman_feature_mirror
D:8:      layout_loops_ring, nicolae_overflow_hidden_temple, enter_bailey_3,
          uniq_pikel
Bailey:   bailey_polearm_2, bailey

Skill      XL: |  1  2  3  4  5  6  7  8  9 |
---------------+----------------------------+-----
Spellcasting   | 5 6 7 8 10 12 | 12.4
Fighting       | 1 2 3 |  3.7
Armour         | 1 3 |  3.0
Conjurations   | 2 3 4 5 7 |  7.0
Dodging        | 3 |  3.0
Stealth        | 3 |  3.0
Poison Magic   | 1 |  1.0
Air Magic      | 1 |  1.2
Earth Magic    | 2 3 4 6 |  6.2
Evocations     | 1 |  1.0
Summonings     | |  1.1
Translocations | |  1.1

Action                     |  1- 3 |  4- 6 |  7- 9 || total
---------------------------+-------+-------+-------++-------
  Melee: Short sword       |    52 |   104 |   211 ||   367
         Punch             |       |     1 |       ||     1
   Cast: Magic Dart        |    82 |    96 |   225 ||   403
         Mephitic Cloud    |     1 |    13 |    41 ||    55
         Call Imp          |       |     1 |     4 ||     5
         Blink             |       |       |     3 ||     3
         Airstrike         |       |       |     3 ||     3
    Use: Scroll            |       |       |     2 ||     2
         Potion            |       |       |     1 ||     1
   Stab: Confused          |     1 |    13 |    27 ||    41
         Sleeping          |       |       |     2 ||     2
         Distracted        |       |       |     1 ||     1
 Armour: Robe              |    27 |    32 |    93 ||   152
  Dodge: Dodged            |    37 |    72 |   222 ||   331

Table legend: (Time is in decaauts)
 A = Elapsed time spent in this place.
 B = Non-inter-level travel time spent in this place.
 C = Inter-level travel time spent in this place.
 D = Time resting spent in this place.
 E = Time spent auto-exploring this place.
 F = Levels seen in this place.
 G = Mean time per level.
                   A        B        C        D        E       F      G
               +--------+--------+--------+--------+--------+-----+--------+
         Total |   8628 |   8440 |    188 |     94 |   6860 |   9 |  958.7 |
       Dungeon |   8386 |   8198 |    188 |     16 |   6786 |   8 | 1048.2 |
        Bailey |    242 |    242 |      0 |     78 |     74 |   1 |  242.0 |
               +--------+--------+--------+--------+--------+-----+--------+

Top non-repeatable levels by time:
     D:7: 1739 daAuts
     D:2: 1227 daAuts
     D:4: 1214 daAuts
     D:3: 1160 daAuts
     D:6: 1118 daAuts
     D:1: 1105 daAuts
     D:5: 774 daAuts
  Bailey: 242 daAuts
     D:8: 44 daAuts
